 Dungeon Crawl Stone Soup version 0.13-a0-2133-ge955d09 (webtiles) character file.

174 Kae the Firebug (level 4, 0/24 HPs)
             Began as a Tengu Fire Elementalist on June 28, 2013.
             Succumbed to an adder's poison
             ... on Level 3 of the Dungeon.
             The game lasted 00:02:51 (2559 turns).

Kae the Firebug (Tengu Fire Elementalist)           Turns: 2559, Time: 00:02:51

HP   0/24        AC  2     Str  8      XL: 4   Next: 34%
MP   7/9         EV 12     Int 17      God:
Gold 97          SH  0     Dex 14      Spells:  2 memorised,  3 levels left

Res.Fire  : . . .   See Invis. : .   (no weapon)
Res.Cold  : . . .   Warding    : .   a - +0 robe
Life Prot.: . . .   Conserve   : .   (no shield)
Res.Poison: .       Res.Corr.  : .   (helmet restricted)
Res.Elec. : .       Clarity    : .   (no cloak)
Sust.Abil.: . .     Spirit.Shd : .   (no gloves)
Res.Mut.  : .       Stasis     : .   (boots unavailable)
Res.Rott. : .       Flight     : .   (no amulet)
Saprovore : . . .                    (no ring)
                                     (no ring)

@: mildly poisoned, slightly resistant to hostile enchantments, fairly stealthy
A: beak, talons 3
a: no special abilities


You were on level 3 of the Dungeon.
You were not hungry.

You visited 1 branch of the dungeon, and saw 3 of its levels.

You collected 77 gold pieces.

Inventory:

Armour
 a - a +0 robe (worn)
 e - a +0 elven buckler
Comestibles
 c - a bread ration
Scrolls
 f - 2 scrolls of remove curse {unknown}
 i - a scroll of curse armour {unknown}
 l - a scroll of blinking {unknown}
 m - a scroll of teleportation {unknown}
 p - a scroll of magic mapping {unknown}
Jewellery
 j - a +6 ring of intelligence {unknown}
Potions
 d - 2 potions of mutation {unknown}
 g - a potion of paralysis {unknown}
 h - a potion of restore abilities {unknown}
 k - 2 potions of speed {unknown}
 n - 2 potions of curing {unknown}
 o - 3 potions of heal wounds {unknown}
 q - a potion of blood {unknown}
Books
 b - a book of Flames

   Spells                             Type                      Level
   *Flame Tongue                      Conjuration/Fire             1
   Throw Flame                        Conjuration/Fire             2
   *Conjure Flame                     Conjuration/Fire             3
   Inner Flame                        Hexes/Fire                   3
   Sticky Flame                       Conjuration/Fire             4
   Fireball                           Conjuration/Fire             5


   Skills:
 - Level 2.1 Dodging
 - Level 2.0 Stealth
 + Level 2.1 Spellcasting
 * Level 3.6 Conjurations
 * Level 3.9 Fire Magic


You had 3 spell levels left.
You knew the following spells:

 Your Spells              Type           Power        Failure   Level  Hunger
a - Flame Tongue          Conj/Fire      ##...        4%          1    #......
b - Conjure Flame         Conj/Fire      ##......     14%         3    ####...


Dungeon Overview and Level Annotations

Branches:
Dungeon (3/27)

Altars:
Nemelex Xobeh


Innate Abilities, Weirdness & Mutations

You have a beak for a mouth.
You have claws for feet.


Message History

* * * LOW HITPOINT WARNING * * *
You feel sick.
q - a viscous red potion
* * * LOW HITPOINT WARNING * * *
You feel sick.
You spend a moment contemplating the meaning of life.
* * * LOW HITPOINT WARNING * * *
You feel sick.
You spend a moment contemplating the meaning of life.
* * * LOW HITPOINT WARNING * * *
You feel sick.
You spend a moment contemplating the meaning of life.
* * * LOW HITPOINT WARNING * * *
You feel sick.
You spend a moment contemplating the meaning of life.
* * * LOW HITPOINT WARNING * * *
You feel sick.
You feel a little better.
You spend a moment contemplating the meaning of life.
You die...

### #####.. #...#.#
#.#.#.# #####
#.#.#.###### ....#
....#.#)...######....####
................@........
......#....######....####
#.#####....# ....# ...
#....# ....# #.## #....#
....# ..# #....# #####
### #....# #....# #....#


There were no monsters in sight!

Vanquished Creatures
  2 adders
  A worm (D:2)
  2 giant geckos
  2 oozes
  An orc (D:2)
  3 hobgoblins (D:2)
  11 kobolds
  6 bats
  3 giant cockroaches
  2 giant newts
  7 goblins
  3 jackals (D:2)
  4 rats
47 creatures vanquished.

Vanquished Creatures (others)
  A rat (D:1)
1 creature vanquished.

Grand Total: 48 creatures vanquished

Notes
Turn   | Place    | Note
--------------------------------------------------------------
     0 | D:1      | Kae, the Tengu Fire Elementalist, began the quest for the Orb.
     0 | D:1      | Reached XP level 1. HP: 10/10 MP: 3/3
   178 | D:1      | Reached XP level 2. HP: 7/15 MP: 0/5
   838 | D:1      | Reached XP level 3. HP: 13/19 MP: 3/7
  1332 | D:2      | Learned a level 3 spell: Conjure Flame
  1899 | D:2      | Reached XP level 4. HP: 2/24 MP: 5/9
  2218 | D:2      | Found a sparkling altar of Nemelex Xobeh.
  2556 | D:3      | HP: 1/24 [poisoned by an adder]
  2559 | D:3      | Succumbed to an adder's poison

Action                   |  1- 3 |  4- 6 || total
-------------------------+-------+-------++-------
Melee: Unarmed           |    65 |     8 ||    73
 Cast: Flame Tongue      |    54 |    16 ||    70
 Stab: Sleeping          |     2 |     2 ||     4
       Distracted        |     1 |       ||     1
